 Dungeon Crawl Stone Soup version 0.28.0 (webtiles) character file.

Game seed: 12557560083594589131

7489 croobank the Cleaver (level 10, -2/84 HPs)
             Began as a Yellow Draconian Transmuter on Feb 15, 2022.
             Was a Believer of Vehumet.
             Slain by Erolcha (16 damage)
             ... on level 10 of the Dungeon on Feb 16, 2022.
             The game lasted 00:43:00 (9838 turns).

croobank the Cleaver (Yellow Draconian Transmuter)  Turns: 9838, Time: 00:43:02

Health: -2/84      AC: 10    Str: 13    XL:     10   Next: 94%
Magic:  27/27      EV: 14    Int: 17    God:    Vehumet [**....]
Gold:   196        SH:  0    Dex: 12    Spells: 5/20 levels left

rFire   . . .      SeeInvis .   a - +5 battleaxe
rCold   . . .      Faith    .   (shield currently unavailable)
rNeg    . . .      Spirit   .   (armour unavailable)
rPois   .          Reflect  .   q - +1 hat
rElec   .          Harm     .   (no cloak)
rCorr   +          Rampage  .   r - +0 pair of gloves
Will    +....                   g - +0 pair of boots
Stlth   ..........              (no amulet)
HPRegen 0.24/turn               d - ring of willpower
MPRegen 0.20/turn               h - ring of magical power

@: short of breath, silenced
A: spit acid, AC +7, unfitting armour, cold-blooded, acid resistance
a: Breathe Acid, Renounce Religion


You were on level 10 of the Dungeon.
You worshipped Vehumet.
Vehumet was pleased with you.
You visited 2 branches of the dungeon, and saw 11 of its levels.

You collected 664 gold pieces.
You spent 468 gold pieces at shops.

Inventory:

Hand Weapons
 a - a +5 battleaxe (weapon)
 b - a +0 hunting sling
 j - a +0 short sword
 s - a +2 short sword of draining
 D - a +4 spear
 E - a +1 spear of venom
 F - a +0 broad axe
 H - a +0 executioner's axe
 J - a +6 war axe
Missiles
 i - 242 stones (quivered)
 m - 72 bolts
 n - 92 arrows
 o - 100 sling bullets
 u - 7 boomerangs
 v - 10 poisoned darts
Armour
 g - a +0 pair of boots (worn)
 q - a +1 hat (worn)
 r - a +0 pair of gloves (worn)
Jewellery
 d - a ring of willpower (left hand)
 f - a ring of resist corrosion
 h - a ring of magical power (right hand)
 x - a ring of ice
Wands
 l - a wand of charming (5)
 w - a wand of mindburst (23)
Scrolls
 c - 2 scrolls of immolation
 k - a scroll of summoning {unknown}
 y - 2 scrolls of enchant weapon {unknown}
 C - a scroll of teleportation
 G - 2 scrolls of magic mapping
Potions
 e - a potion of attraction {unknown}
 p - 4 potions of magic
 t - a potion of lignification
 z - a potion of brilliance {unknown}


   Skills:
 + Level 6.8 Fighting
 + Level 11.6 Axes
 + Level 6.0 Dodging
 - Level 4.1 Unarmed Combat
 + Level 5.9 Spellcasting
 + Level 6.5 Transmutations
 + Level 2.4 Earth Magic


You had 5 spell levels left.
You knew the following spells:

 Your Spells              Type           Power      Damage    Failure   Level
a - Beastly Appendage     Tmut           54%        N/A       1%          1
b - Wereblood             Tmut           27%        N/A       1%          2
c - Spider Form           Tmut/Pois      16%        N/A       10%         3
d - Ice Form              Ice/Tmut       16%        N/A       32%         4
e - Magic Dart            Conj           20%        1d4       13%         1
f - Petrify               Tmut/Erth      20%        N/A       21%         4

Your spell library contained the following spells:

 Spells                   Type           Power      Damage    Failure   Level
 Foxfire                  Conj/Fire      20%        2x1d5     13%         1
 Metabolic Englaciation   Hex/Ice        2%         N/A       98%         5
 Statue Form              Tmut/Erth      13%        N/A       97%         6
 Dispersal                Tloc           2%         N/A       100%        6
 Disjunction              Tloc           2%         N/A       100%        8


Dungeon Overview and Level Annotations

Branches:
Dungeon (10/15)            Temple (1/1) D:5             Orc (0/2) D:9
   Lair: D:8-11

Altars:
Ashenzari
Dithmenos
Elyvilon
Fedhas
Gozag
Hepliaklqana
Makhleb
Okawaru
Qazlal
Ru
Sif Muna
Vehumet
Yredelemnul

Shops:
D:7 :

Annotations:
D:10 Erolcha, Snorg


Innate Abilities, Weirdness & Mutations

You can spit globs of acid.
Your golden yellow scales are hard. (AC +7)
You cannot fit into any form of body armour.
You are cold-blooded and may be slowed by cold attacks.
You are resistant to acid. (rCorr)


Message History

Press: ? - help, Shift-Dir - straight line, f/p - Erolcha
Aim: Erolcha, wielding a +0 giant club and wearing a +0 robe (silenced, heavily wounded, chance to affect: 29%)
Okay, then.
You cannot cast spells when silenced!
Aiming: Mindburst
Press: ? - help, Shift-Dir - straight line, f/p - Erolcha
Aim: Erolcha, wielding a +0 giant club and wearing a +0 robe (silenced, heavily wounded, chance to affect: 29%)
Okay, then.
Aiming: Charm
Press: ? - help, Shift-Dir - straight line, f/p - Erolcha
Aim: Erolcha, wielding a +0 giant club and wearing a +0 robe (silenced, heavily wounded, chance to affect: 17%)
Okay, then.
Okay, then.
Cleave: a) +5 battleaxe
Press: ? - help, Dir - move target, f/p - Erolcha
Aim: Erolcha, wielding a +0 giant club and wearing a +0 robe (silenced, heavily wounded, about 25% to evade your +5 battleaxe)
Okay, then.
Cleave: a) +5 battleaxe
Press: ? - help, Dir - move target, f/p - Erolcha
Aim: Erolcha, wielding a +0 giant club and wearing a +0 robe (silenced, heavily wounded, about 25% to evade your +5 battleaxe)
Okay, then.
Throw: dart (curare)
Press: ? - help, Q - select action, (/) - cycle Shift-Dir - straight line, f/p - Erolcha
Aim: Erolcha, wielding a +0 giant club and wearing a +0 robe (silenced, heavily wounded, 71% to hit)
You throw a curare-tipped dart.
The curare-tipped dart closely misses Erolcha.
Erolcha misses you.
Throw: 242 stones
Press: ? - help, Q - select action, (/) - cycle Shift-Dir - straight line, f/p - Erolcha
Aim: Erolcha, wielding a +0 giant club and wearing a +0 robe (silenced, heavily wounded, 71% to hit)
Okay, then.
Unknown command.
You have got your breath back.
Press: ? - help, Shift-Dir - straight line, f/p - Erolcha
Aim: Erolcha, wielding a +0 giant club and wearing a +0 robe (silenced, heavily wounded, 78% to hit)
You spit a glob of acid.
The glob of acid hits Erolcha!
The acid corrodes Erolcha!
Erolcha is severely wounded.
Erolcha hits you with a +0 giant club!
You die...

........#
........#
........#
........#
.....>..#
........#
........#
# #@###.#
#O....#
#.....#
#.....#
#.....#
#.....#
#.....#
......#
......#


You could see Erolcha (corroded).

Vanquished Creatures
  A two-headed ogre (D:9)
  A wyvern (D:8)
  2 water moccasins
  4 orc warriors (D:9)
  4 ice beasts
  5 ogres
  2 kobold brigands
  3 bullfrogs
  2 gnoll sergeants
  A wyvern zombie (D:6)
  4 scorpions
  A killer bee (D:8)
  8 wights
  An electric eel (D:8)
  A bullfrog zombie (D:4)
  A centaur zombie (D:9)
  3 iron imps (D:5)
  A bullfrog skeleton (D:6)
  A hound (D:7)
  5 jellies
  7 orc priests
  A centaur skeleton (D:7)
  Jessica (D:3)
  2 scorpion zombies (D:4)
  6 orc wizards
  A hound zombie (D:4)
  3 adders
  9 gnolls
  3 shadow imps
  2 ufetubi
  An adder zombie (D:4)
  A worm (D:2)
  2 dart slugs
  22 orcs
  13 endoplasms
  5 giant cockroaches
  4 goblins
  11 hobgoblins
  6 jackals
  4 quokkas
  10 ball pythons
  8 bats
  4 frilled lizards
  19 kobolds
  5 rats
201 creatures vanquished.

Vanquished Creatures (others)
  A fungus (D:3)
  10 toadstools (D:3)
11 creatures vanquished.

Grand Total: 212 creatures vanquished

Notes
Turn   | Place    | Note
-------+----------+-------------------------------------------
     0 | D:1      | croobank the Draconian Transmuter began the quest for the
                  | Orb.
     0 | D:1      | Reached XP level 1. HP: 16/16 MP: 3/3
   144 | D:1      | Reached XP level 2. HP: 17/23 MP: 3/5
   148 | D:1      | Learned a level 2 spell: Wereblood
   670 | D:1      | Reached XP level 3. HP: 25/29 MP: 4/6
   714 | D:1      | Noticed a floating eye
   719 | D:1      | Noticed a shining eye
   840 | D:1      | Found a faded altar of an unknown god.
   843 | D:1      | Noticed a golden eye
   843 | D:1      | Noticed a shining eye
  1045 | D:2      | Learned a level 3 spell: Spider Form
  1482 | D:3      | Noticed Jessica
  1485 | D:3      | Killed Jessica
  1486 | D:3      | Reached XP level 4. HP: 36/36 MP: 5/7
  2100 | D:3      | Found a blossoming altar of Fedhas.
  2135 | D:3      | Reached XP level 5. HP: 22/42 MP: 5/9
  3327 | D:3      | Reached XP level 6. HP: 50/51 MP: 7/10
  3468 | D:4      | Found a basalt altar of Yredelemnul.
  3485 | D:4      | Found a broken altar of Ashenzari.
  3568 | D:4      | Learned a level 4 spell: Ice Form
  3687 | D:4      | Reached skill level 1 in Axes
  3985 | D:4      | Your scales start taking on a golden yellow colour.
  3985 | D:4      | Reached XP level 7. HP: 51/58 MP: 12/12
  3985 | D:4      | Gained mutation: You are resistant to acid. (rCorr) [Yellow
                  | Draconian growth]
  4060 | D:4      | Identified the +1 ring mail of Loss {rF+ Will+ Str-3
                  | Stlth+}
  4235 | D:4      | You fall into a shaft and drop 1 floor!
  4235 | D:5      | Entered Level 5 of the Dungeon
  4336 | D:5      | Found a staircase to the Ecumenical Temple.
  4342 | Temple   | Entered the Ecumenical Temple
  4353 | Temple   | Became a worshipper of Vehumet
  4451 | D:5      | Reached skill level 2 in Axes
  4536 | D:5      | Found a sacrificial altar of Ru.
  4795 | D:5      | Found a stormy altar of Qazlal.
  4807 | D:5      | Reached XP level 8. HP: 48/67 MP: 11/14
  5244 | D:5      | Found a burning altar of Makhleb.
  5517 | D:6      | Reached skill level 3 in Axes
  5851 | D:6      | Reached skill level 5 in Fighting
  5948 | D:6      | Reached skill level 5 in Transmutations
  6479 | D:6      | Reached * piety under Vehumet
  6479 | D:6      | Offered knowledge of Magic Dart by Vehumet.
  6491 | D:6      | Learned a level 1 spell: Magic Dart
  6868 | D:7      | Reached skill level 5 in Spellcasting
  6875 | D:7      | Reached skill level 4 in Axes
  6875 | D:7      | Reached skill level 5 in Dodging
  7051 | D:7      | Reached XP level 9. HP: 75/75 MP: 16/16
  7562 | D:7      | Found Hiypsar's Book Boutique.
  7568 | D:7      | Bought a book of Sloth for 468 gold pieces
  7573 | D:7      | Learned a level 4 spell: Petrify
  7654 | D:7      | Found a shimmering blue altar of Sif Muna.
  7942 | D:8      | Found an opulent altar of Gozag.
  8350 | D:9      | Reached skill level 1 in Earth Magic
  8783 | D:9      | Reached skill level 5 in Axes
  8826 | D:9      | Reached skill level 11 in Axes
  8826 | D:9      | Reached XP level 10. HP: 63/84 MP: 18/18
  9025 | D:9      | Offered knowledge of Foxfire by Vehumet.
  9029 | D:9      | Reached ** piety under Vehumet
  9277 | D:9      | Noticed a two-headed ogre
  9294 | D:9      | Killed a two-headed ogre
  9653 | D:9      | Found a staircase to the Orcish Mines.
  9813 | D:10     | Entered Level 10 of the Dungeon
  9813 | D:10     | Noticed Snorg
  9826 | D:10     | Noticed Erolcha
  9838 | D:10     | Slain by Erolcha

Illustrated notes

Levels and vault maps discovered:
D:1:      onia_arrival_handbag, layout_basic,
          hellmonk_ecumenical_altar_watching_god, minmay_pentomino_p4
D:2:      layout_rooms, minmay_vboxes
D:3:      cheibrodos_fertilizer, layout_basic, fedhas_ov_isle_minmay,
          uniq_jessica
D:4:      layout_basic, ashenzari_altar_1, nicolae_yredelemnul_corpse_copse
D:5:      layout_basic, demons_altar, nicolae_qazlal_scattered_showers,
          mainiacjoe_overflow_24_doors, minmay_temple_entry_hall
D:6:      layout_loops_ring
D:7:      layout_loops_ring, nicolae_sif_muna_little_library, serial_shops,
          nicolae_shop_waterfront, st_stairs_8, minmay_fractal_squares_gapless_5
D:8:      layout_basic, mainiacjoe_overflow_chevrons, grunt_gozag_statues,
          uniq_harold
D:9:      layout_rooms, david_orc_4
D:10:     minmay_the_grid_triangle_9x9_rhombus_full
          [minmay_the_grid_triangle_9x9_stretched_checkered,
          minmay_the_grid_triangle_9x9_limited_checkers,
          minmay_the_grid_triangle_9x9_subtriangle,
          minmay_the_grid_triangle_9x9_fully_insulated_deathbox,
          minmay_the_grid_triangle_9x9_alien,
          minmay_the_grid_triangle_9x9_shrine,
          minmay_the_grid_triangle_9x9_descending_squares,
          minmay_the_grid_triangle_9x9_prize_top_heavy], layout_long_grid,
          mainiacjoe_overflow_alcove_1, lair_entry_dummy, serial_shops,
          kennysheep_mini_moat, lightli_elemental_guards, uniq_erolcha,
          uniq_snorg
Temple:   nicolae_temple_hex_pool

Skill      XL: |  1  2  3  4  5  6  7  8  9 10 |
---------------+-------------------------------+-----
Dodging        | 2 3 4 5 6 |  6.0
Fighting       | 2 3 4 5 6 |  6.8
Transmutations | 3 4 5 6 |  6.5
Spellcasting   | 3 4 5 |  5.9
Unarmed Combat | 4 |  4.1
Axes           | 1 2 4 11 | 11.6
Earth Magic    | 2 |  2.4

Action                   |  1- 3 |  4- 6 |  7- 9 | 10-12 || total
-------------------------+-------+-------+-------+-------++-------
Melee: Unarmed           |    66 |       |       |       ||    66
       Kick              |    21 |    24 |    44 |     1 ||    90
       Tailslap          |    11 |    20 |    41 |     3 ||    75
       Headbutt          |    10 |    20 |    32 |     4 ||    66
       War axe           |    28 |   138 |    67 |       ||   233
       Short sword       |     4 |     5 |   212 |       ||   221
       Punch             |     3 |     8 |    10 |       ||    21
       Battleaxe         |       |       |    13 |    43 ||    56
 Fire: Hunting sling     |       |       |     7 |       ||     7
Throw: Stone             |       |     1 |       |       ||     1
       Boomerang         |       |       |     4 |     1 ||     5
       Dart              |       |       |       |     1 ||     1
 Cast: Beastly Appendage |    28 |    24 |    27 |     3 ||    82
       Spider Form       |     1 |       |       |       ||     1
       Wereblood         |       |     6 |    15 |     2 ||    23
       Magic Dart        |       |       |     2 |       ||     2
       Petrify           |       |       |     1 |       ||     1
 Abil: Breathe Acid      |       |       |    13 |     6 ||    19
  Use: Scroll            |       |     6 |     7 |     2 ||    15
       Potion            |       |     1 |     7 |     2 ||    10
 Stab: Invisible         |       |       |     1 |       ||     1
       Petrified         |       |       |     2 |       ||     2
       Petrifying        |       |       |     1 |       ||     1
Armor: Skin              |    35 |    47 |   105 |     9 ||   196
Dodge: Dodged            |    82 |   118 |   242 |    28 ||   470
